 Dungeon Crawl Stone Soup version 0.19-a0-1210-g5c1aa26 (webtiles) character file.

36 Leszczynek the Skirmisher (level 3, -2/39 HPs)
             Began as an Ogre Fighter on Aug 22, 2016.
             Slain by a kobold
             ... wielding a +0 short sword
              (4 damage)
             ... on level 3 of the Dungeon.
             The game lasted 00:04:11 (663 turns).

Leszczynek the Skirmisher (Ogre Fighter)             Turns: 663, Time: 00:04:12

Health: -2/39      AC:  3    Str: 21    XL:     3   Next: 37%
Magic:  3/3        EV:  8    Int:  8    God:
Gold:   61         SH:  9    Dex: 12    Spells: 0 memorised, 2 levels left

rFire  . . .     SeeInvis .     a - +0 flail
rCold  . . .     Gourm    .     b - +0 robe
rNeg   . . .     Faith    .     c - +0 shield
rPois  .         Spirit   .     (helmet restricted)
rElec  .         Dismiss  .     (no cloak)
rCorr  .         Reflect  .     (gloves unavailable)
MR     .....     Harm     .     (boots unavailable)
Stlth  +.........               (no amulet)
                                (no ring)
                                r - +3 ring of dexterity

@: no status effects
A: unfitting armour, tough skin 1
a: no special abilities


You were on level 3 of the Dungeon.
You were not hungry.

You visited 1 branch of the dungeon, and saw 3 of its levels.

You collected 61 gold pieces.

Inventory:

Hand Weapons
 a - a +0 flail (weapon)
Armour
 b - a +0 robe (worn)
 c - a +0 shield (worn)
Jewellery
 r - a +3 ring of dexterity (left hand)
Wands
 s - a wand of flame (1/48)
Scrolls
 i - a scroll of fog {unknown}
 j - a scroll of enchant weapon {unknown}
 k - a scroll of fear {unknown}
 m - a scroll of magic mapping {unknown}
 n - a scroll of identify {unknown}
 o - a scroll of remove curse {unknown}
 p - a scroll of noise {unknown}
 q - a scroll of immolation {unknown}
 t - a scroll of enchant armour {unknown}
Potions
 d - a potion of might
 e - a potion of degeneration {unknown}
 l - 2 potions of magic {unknown}
 v - a potion of heal wounds {unknown}
Comestibles
 f - 3 bread rations
 g - 2 fruits
 h - 3 chunks of flesh
 u - a royal jelly


   Skills:
 - Level 4.0 Fighting
 * Level 4.0 Maces & Flails
 - Level 2.6 Dodging
 + Level 3.3 Shields


You had 2 spell levels left.
You didn't know any spells.

Dungeon Overview and Level Annotations

Branches:
Dungeon (3/15)

Altars:
Uskayaw


Innate Abilities, Weirdness & Mutations

You are too large for most types of armour.
You have tough skin. (AC +1)


Message History

The kobold is moderately wounded.
The kobold hits you with a short sword.
* * * LOW HITPOINT WARNING * * *
Unknown command.
Press: ? - help, v - describe, . - travel
Here: a kobold, wielding a short sword (moderately wounded)
The floor.
You barely miss the kobold.
The kobold is moderately wounded.
You block the kobold's attack.
You hit the kobold but do no damage.
The kobold is moderately wounded.
The kobold closely misses you. You block the kobold's attack.
You hit the kobold but do no damage.
The kobold is moderately wounded.
The kobold barely misses you.
You barely miss the kobold.
The kobold is moderately wounded.
The kobold hits you with a short sword.
You die...

#.# #.#
#..
#.####
#.# #..
#....#
#.# #..
#[...#
#.# #.(
#....#
#.# #..
#....#
#.# #..
#....#
#.#####..
#....#
#.#.)....
#.@..#
#...#####
#.K[.#
###.#....
#....#
#>.....
#.####
#####...:
#.#
#........
#.#
#........
#.#
#........
#.#
#........
#.#
#........


You could see a kobold.

Vanquished Creatures
  An adder (D:3)
  A worm (D:3)
  An orc (D:3)
  5 goblins
  2 hobgoblins
  3 jackals (D:3)
  A kobold (D:3)
  3 bats
  3 rats
20 creatures vanquished.

Notes
Turn   | Place    | Note
-------+----------+-------------------------------------------
     0 | D:1      | Leszczynek the Ogre Fighter began the quest for the Orb.
     0 | D:1      | Reached XP level 1. HP: 24/24 MP: 1/1
   141 | D:2      | Reached skill level 3 in Maces & Flails
   248 | D:2      | Reached XP level 2. HP: 32/32 MP: 2/2
   367 | D:3      | Reached skill level 3 in Shields
   477 | D:3      | Found a hide-covered altar of Uskayaw.
   511 | D:3      | Reached XP level 3. HP: 14/39 MP: 3/3
   615 | D:3      | Reached skill level 4 in Maces & Flails
   656 | D:3      | HP: 3/39 [kobold/short sword (2)]
   657 | D:3      | HP: 1/39 [kobold/short sword (2)]
   663 | D:3      | Slain by a kobold

Vault maps used:
D:1:      dpeg_arrival_shrine
D:3:      eat_drink_and_be_merry_uskayaw

Skill      XL: |  1  2  3 |
---------------+----------+-----
Maces & Flails | 3 4 |  4.0
Shields        | 3 |  3.3
Fighting       | |  4.0
Dodging        | |  2.6

Action                   || total
-------------------------++-------
Melee: Flail             ||    63
Evoke: Wand              ||     4
Armor: Robe              ||    13
Dodge: Dodged            ||    21
Block: Shield            ||    26
